 Dungeon Crawl Stone Soup version 0.20.0 (webtiles) character file.

71250 MatthieuS the Eclecticist (level 14, -1/76 HPs)
             Began as a Deep Elf Ice Elementalist on June 17, 2017.
             Was the Champion of Vehumet.
             Killed from afar by Azrael (40 damage)
             ... with damnation
             ... on level 14 of the Dungeon on June 18, 2017.
             The game lasted 03:09:31 (37087 turns).

MatthieuS the Eclecticist (DEIE)                   Turns: 37087, Time: 03:09:32

Health: -1/76      AC: 10    Str: 12    XL:     14   Next: 97%
Magic:  21/39      EV: 18    Int: 24    God:    Vehumet [******]
Gold:   1166       SH:  6    Dex: 21    Spells: 15/51 levels left

rFire    + . .     SeeInvis .   w - +6 hunting sling "Orphidam" {velocity, Str+5}
rCold    + . .     Gourm    +   D - +1 buckler {reflect}
rNeg     . . .     Faith    .   C - +1 leather armour of Nuabemne {rF+ Dex+6 Slay-6 Stlth+}
rPois    +         Spirit   .   S - +1 hat {MR+}
rElec    .         Reflect  +   H - +1 cloak {rPois}
rCorr    .         Harm     .   (no gloves)
MR       ++...                  s - +2 pair of boots
Stlth    ++++......             P - amulet of the gourmand
Regen    0.3/turn               k - ring of wizardry
MPRegen  0.3/turn               u - ring of protection from cold

@: no status effects
A: no striking features
a: Renounce Religion


You were on level 14 of the Dungeon.
You worshipped Vehumet.
Vehumet was exalted by your worship.
You were very full.

You visited 4 branches of the dungeon, and saw 24 of its levels.
You also visited: Ossuary, Ice Cave and Volcano.

You collected 2828 gold pieces.
You spent 1662 gold pieces at shops.

Inventory:

Hand Weapons
 w - the +6 hunting sling "Orphidam" (weapon) {velocity, Str+5}
   (You found it on level 9 of the Dungeon)

   Any stone fired from it inflicts extra damage.
   It affects your strength (+5).
 F - the +6 broad axe of Qepse {elec, +Blink}
   (You found it on level 6 of the Dungeon)

   Occasionally, upon striking a foe, it will discharge some electrical energy
   and cause terrible harm.
   It lets you blink.
Missiles
 E - 24 sling bullets (quivered)
Armour
 s - a +2 pair of boots (worn)
 C - the +1 leather armour of Nuabemne (worn) {rF+ Dex+6 Slay-6 Stlth+}
   (You bought it in a shop on level 2 of the Orcish Mines)

   It affects your dexterity (+6).
   It affects your accuracy and damage with ranged weapons and melee attacks
   (-6).
   It protects you from fire.
   It makes you more stealthy.
 D - a +1 buckler of reflection (worn)
 H - a +1 cloak of poison resistance (worn)
 M - a +0 buckler of protection
 R - a +2 robe of fire resistance
 S - a +1 hat of magic resistance (worn)
Jewellery
 k - a ring of wizardry (left hand)
 u - a ring of protection from cold (right hand)
 B - an uncursed ring of ice
 P - an amulet of the gourmand (around neck)
 U - an uncursed ring of resist corrosion
Wands
 h - a wand of digging (14/24)
 n - a wand of disintegration (18/24)
 p - a wand of lightning (5/15)
 x - a wand of polymorph (8/24)
 A - a wand of digging (4/24)
 L - a wand of paralysis (12/24)
 N - a wand of iceblast (2/15)
 X - a wand of disintegration (16/24)
Scrolls
 a - 2 scrolls of identify
 d - a scroll of amnesia
 f - a scroll of silence
 l - 11 scrolls of remove curse
 m - a scroll of blinking
 y - 4 scrolls of recharging
 O - a scroll of teleportation
 V - a scroll of brand weapon
 W - 2 scrolls of enchant weapon
Potions
 e - 4 potions of lignification
 i - 2 potions of might
 q - 3 potions of resistance
 r - 3 potions of flight
 z - 4 potions of curing
 J - 2 potions of brilliance
 T - a potion of cancellation
 Z - a potion of ambrosia
Books
 b - a book of Frost

   Spells                             Type                      Level
   a - Freeze                         Ice                          1
   b - Throw Frost                    Conjuration/Ice              2
   c - Ozocubu's Armour               Charms/Ice                   3
   d - Throw Icicle                   Conjuration/Ice              4
   e - Summon Ice Beast               Ice/Summoning                4
 g - a book of Maledictions

   Spells                             Type                      Level
   a - Corona                         Hexes                        1
   b - Ensorcelled Hibernation        Hexes/Ice                    2
   c - Confuse                        Hexes                        3
   d - Tukima's Dance                 Hexes                        3
   e - Dazzling Spray                 Conjuration/Hexes            3
 v - a book of Ice

   Spells                             Type                      Level
   a - Ice Form                       Ice/Transmutation            4
   b - Metabolic Englaciation         Hexes/Ice                    5
   c - Ozocubu's Refrigeration        Ice                          6
   d - Bolt of Cold                   Conjuration/Ice              6
   e - Freezing Cloud                 Conjuration/Ice/Air          6
   f - Simulacrum                     Ice/Necromancy               6
 K - a book of Alchemy

   Spells                             Type                      Level
   a - Sublimation of Blood           Necromancy                   2
   b - Ignite Poison                  Fire/Transmutation/Poison    3
   c - Petrify                        Transmutation/Earth          4
   d - Alistair's Intoxication        Transmutation/Poison         5
   e - Irradiate                      Conjuration/Transmutation    5
Miscellaneous
 o - a box of beasts
 I - a phial of floods
 Y - a fan of gales
Comestibles
 c - 12 bread rations
 j - 9 meat rations
 t - 21 royal jellies
 G - 2 fruits


   Skills:
 - Level 4.6 Fighting
 - Level 4.0 Slings
 - Level 1.0 Armour
 * Level 8.2 Dodging
 - Level 3.4 Stealth
 - Level 1.2 Shields
 - Level 19.0 Spellcasting
 - Level 8.6 Conjurations
 - Level 1.5 Hexes
 + Level 1.3 Charms
 - Level 2.5 Transmutations
 - Level 2.0 Fire Magic
 + Level 15.3 Ice Magic
 * Level 3.7 Earth Magic
 + Level 9.8 Poison Magic
 + Level 1.3 Evocations


You had 15 spell levels left.
You knew the following spells:

 Your Spells              Type           Power        Failure   Level  Hunger
a - Freeze                Ice            ####         0%          1    None
b - Throw Frost           Conj/Ice       ######       1%          2    None
c - Ozocubu's Armour      Chrm/Ice       ######..     1%          3    None
d - Bolt of Cold          Conj/Ice       ######....   1%          6    ###....
e - Summon Ice Beast      Ice/Summ       ######..     1%          4    None
f - Olgreb's Toxic Radia  Pois           ######..     1%          4    None
g - Ignite Poison         Fire/Tmut/Pois #####...     1%          3    None
h - Alistair's Intoxicat  Tmut/Pois      ######..     3%          5    None
i - Ensorcelled Hibernat  Hex/Ice        ######       1%          2    None
k - Iron Shot             Conj/Erth      ######....   5%          6    ###....


Dungeon Overview and Level Annotations

Branches:
Dungeon (15/15)            Temple (1/1) D:4            Lair (6/6) D:8
  Swamp (0/4) Lair:4        Snake (0/4) Lair:4        Slime (0/5) Lair:5
    Orc (2/2) D:9             Elf (0/3) Orc:2
 Vaults: D:13-14     Depths: D:15

Altars:
Ashenzari
Cheibriados
Elyvilon
Gozag
Okawaru
Qazlal
Ru
Uskayaw
Vehumet
Xom
Zin
The Shining One
Beogh

Shops:
D:12 *   Orc:2 ?[*?[

Annotations:
D:14 Azrael
Lair:1 exclusion: ice statue


Message History

Okay, then.
Things that are here:
a giant club; a giant spiked club Azrael hits your ice beast with a scimitar of flaming!
Azrael melts your ice beast!
Your ice beast hits Azrael but does no damage.
Azrael hits your ice beast with a scimitar of flaming!
Azrael melts your ice beast!
Your ice beast dies!
Casting: Throw Frost
Confirm with . or Enter, or press ? or * to list all spells.
Aiming: Bolt of Cold
Press: ? - help, Shift-Dir - straight line, f - Azrael
Aim: Azrael, wielding a scimitar of flaming (moderately wounded)
The bolt of cold hits Azrael.
Azrael is frozen!
Azrael is severely wounded.
Azrael gestures at you.
The sphere of damnation explodes!
The damnation engulfs you!
Ouch! That really hurt!
You die...

****#......§§.....#.....#
****#.....##.###..#.....#
,,,,........§†..........#
**,,......##.###..#.....#
,,,,.............>†.§...#
,,,,......##.###..##§...#
**,*#....,,........##.###
,,,,,#..,,*#.###...Rh.#
,,,,,,.,,,,..# #@.)#..#
,,,,,,,,,,,..* #...#..#
,,,,,,,,,**#.* #...#..#
,,,***,,.###.###...#..#
,,,,,,,,...........#..#
**,,,,,,...........#..#
,,,,,,,,..........##.##
***,,*,*.#.#.###..##.*
,,*,,*,*,#.#.###<.##.*


You could see Azrael and a hell hound.

Vanquished Creatures
  The ghost of MatthieuS the Arsonist, a journeyman DrCj of Sif Muna (Lair:5)
  The ghost of aesoa the Carver, a journeyman OpHu of Uskayaw (Orc:2)
  A centaur warrior (D:13)
  A hydra (D:12)
  A catoblepas (Lair:6)
  2 two-headed ogres
  A tengu warrior (D:13)
  5 orc high priests
  A death yak (Lair:5)
  A queen ant (Lair:3)
  Nergalle (D:10)
  An unseen horror (D:11)
  3 orc knights
  A deep elf mage (D:11)
  A necromancer (Lair:5)
  4 oklob plants (Lair:4)
  3 ugly things
  3 orc sorcerers (Orc:2)
  3 cyclopes
  3 elephants
  A manticore (D:13)
  4 black mambas
  Psyche (D:11)
  A gargoyle (D:12)
  9 spiny frogs
  A kobold demonologist (D:11)
  5 komodo dragons
  2 red devils (Volcano)
  An efreet (D:13)
  A troll (D:11)
  4 polar bears
  A hornet (D:12)
  15 blink frogs
  6 slime creatures
  10 hippogriffs
  A dream sheep (Lair:6)
  A wyvern (Lair:3)
  A vampire (D:13)
  7 fire bats (Volcano)
  3 fire elementals
  29 yaks
  A hungry ghost (D:11)
  A basilisk (Lair:2)
  Menkaure (D:4)
  11 water moccasins
  2 wargs
  9 soldier ants (Lair:3)
  2 hell hounds (D:14)
  10 porcupines
  16 orc warriors
  An ice beast (D:10)
  6 sky beasts
  6 black bears
  A hornet zombie (D:6)
  17 wolves
  14 ogres
  17 centaurs
  13 crocodiles
  11 big kobolds
  14 bullfrogs
  3 scorpions
  A water moccasin skeleton (D:9)
  A killer bee (D:9)
  An electric eel (Lair:1)
  A howler monkey (D:8)
  4 lava snakes (Volcano)
  2 centaur zombies
  6 crimson imps
  9 hounds
  6 jellies
  14 orc priests
  19 orc wizards
  A bullfrog skeleton (D:4)
  4 centaur skeletons
  2 hell rats (Lair:5)
  27 worker ants
  3 iguanas
  3 polar bear simulacra (Lair:5)
  4 yak simulacra (Lair:5)
  A wolf simulacrum (Lair:5)
  A hound skeleton (D:6)
  7 gnolls (D:4)
  2 howler monkey skeletons
  12 adders
  3 shadow imps
  2 white imps (D:14)
  5 oozes
  2 adder zombies (D:7)
  3 adder skeletons
  2 dart slugs (D:1)
  7 leopard geckos
  61 orcs
  7 spectral bats (Ossuary)
  7 bats
  10 giant cockroaches
  2 gnoll zombies (Ossuary)
  12 goblins
  10 hobgoblins
  8 jackals
  46 kobolds
  4 quokkas
  A ball python zombie (D:5)
  A bat simulacrum (Ossuary)
  7 frilled lizards
  A goblin simulacrum (Ossuary)
  3 goblin zombies (Ossuary)
  A jackal skeleton (D:5)
  A kobold zombie (Ossuary)
  8 rats
  A river rat simulacrum (Lair:5)
  4 spectral goblins (Ossuary)
  3 spectral kobolds (Ossuary)
  3 spectral rats (Ossuary)
  3 plants (Lair:4)
657 creatures vanquished.

Vanquished Creatures (collateral kills)
  Gastronok (D:11)
  The ghost of centipede the Ninja, an adept SpAs of Dithmenos (Orc:2)
  The ghost of Senshi the Fighter, a journeyman MiHu of Okawaru (D:11)
  4 hydras
  A two-headed ogre (D:12)
  A death yak (Lair:5)
  A hell knight (Volcano)
  2 orc knights (Orc:1)
  2 wolf spider zombies
  2 ugly things
  A manticore (Lair:6)
  4 elephants (Lair:4)
  A smoke demon (Volcano)
  A spiny frog (Lair:2)
  A molten gargoyle (Volcano)
  4 komodo dragons
  A rime drake (Lair:1)
  A troll (D:10)
  The ghost of Nothus the Digger, an amateur DgEE (Ossuary)
  3 blink frogs (Lair:3)
  4 hippogriffs
  A slime creature (D:13)
  A wyvern (Lair:4)
  A vampire (D:11)
  22 yaks
  2 basilisks
  2 hungry ghosts
  A human (D:9)
  Grum (D:11)
  11 soldier ants (Lair:3)
  2 hell hounds
  2 wargs (D:9)
  Edmund (D:5)
  3 water moccasins
  2 porcupines (D:8)
  2 ice beasts
  A sky beast (D:12)
  2 orc warriors (Orc:1)
  A black bear (D:6)
  8 wolves
  A phantom (D:7)
  2 necrophages
  4 ogres
  3 centaurs
  2 crocodiles
  A big kobold (D:11)
  9 bullfrogs
  A wyvern zombie (D:12)
  2 scorpions
  9 killer bees
  9 crimson imps
  5 jellies
  A quasit (D:12)
  2 hounds
  2 orc priests (D:9)
  An orc wizard (D:6)
  2 bullfrog skeletons
  7 worker ants
  An iguana (D:7)
  3 hell rats (Lair:5)
  A polar bear simulacrum (Lair:5)
  A killer bee zombie (D:7)
  5 big kobold zombies (Ossuary)
  A mummy (D:8)
  6 adders
  3 gnolls (D:6)
  A shadow imp (D:12)
  12 white imps
  3 oozes (D:13)
  A leopard gecko (D:6)
  12 orcs
  4 gnoll zombies (Ossuary)
  3 kobolds
  A goblin simulacrum (Ossuary)
  5 goblin zombies (Ossuary)
  4 hobgoblin zombies (Ossuary)
  2 kobold simulacra (Ossuary)
  2 kobold zombies (Ossuary)
  An orc zombie (Ossuary)
  4 fungi
  A plant (D:8)
244 creatures vanquished.

Vanquished Creatures (others)
  4 dream sheep (Lair:6)
  A big kobold zombie (Ossuary)
  A mummy (Ossuary)
  2 orc zombies (Ossuary)
  10 fungi
  3 plants
21 creatures vanquished.

Grand Total: 922 creatures vanquished

Notes
Turn   | Place    | Note
-------+----------+-------------------------------------------
     0 | D:1      | MatthieuS the Deep Elf Ice Elementalist began the quest for the Orb.
     0 | D:1      | Reached XP level 1. HP: 10/10 MP: 6/6
   223 | D:1      | Reached XP level 2. HP: 11/15 MP: 5/8
   230 | D:1      | Learned a level 2 spell: Throw Frost
   777 | D:1      | Reached XP level 3. HP: 19/19 MP: 3/9
  1381 | D:2      | Learned a level 3 spell: Ozocubu's Armour
  1616 | D:2      | Found an opulent altar of Gozag.
  2164 | D:2      | Reached XP level 4. HP: 21/24 MP: 8/11
  2193 | D:2      | Learned a level 4 spell: Throw Icicle
  2523 | D:3      | Reached skill level 4 in Spellcasting
  2868 | D:3      | Reached XP level 5. HP: 28/28 MP: 13/13
  2978 | D:3      | Noticed an ogre
  2985 | D:3      | Killed an ogre
  2985 | D:3      | Reached skill level 1 in Fighting
  2985 | D:3      | Reached skill level 1 in Slings
  3032 | D:3      | Reached skill level 5 in Ice Magic
  3500 | D:3      | Found a faded altar of an unknown god.
  3650 | D:4      | Reached XP level 6. HP: 32/34 MP: 11/14
  3748 | D:4      | Noticed Menkaure
  4115 | D:4      | Found a stormy altar of Qazlal.
  4115 | D:4      | Found a glowing golden altar of the Shining One.
  4124 | D:4      | Killed Menkaure
  4317 | D:4      | Reached skill level 5 in Spellcasting
  4363 | D:4      | Reached XP level 7. HP: 38/38 MP: 11/16
  4930 | D:4      | Learned a level 4 spell: Summon Ice Beast
  5022 | D:4      | Found a glowing silver altar of Zin.
  5243 | D:4      | Found a staircase to the Ecumenical Temple.
  5249 | Temple   | Entered the Ecumenical Temple
  5265 | Temple   | Became a worshipper of Vehumet
  5492 | D:5      | Entered Level 5 of the Dungeon
  5592 | D:5      | Reached skill level 6 in Spellcasting
  6131 | D:5      | Reached XP level 8. HP: 42/43 MP: 17/19
  6153 | D:5      | Noticed Edmund
  6384 | D:5      | Killed Edmund
  6700 | D:6      | Reached * piety under Vehumet
  6700 | D:6      | Offered knowledge of Shock by Vehumet.
  6700 | D:6      | Reached skill level 7 in Spellcasting
  6742 | D:6      | Found a sand-covered staircase.
  6791 | Ossuary  | Entered an ossuary
  6879 | Ossuary  | Noticed Nothus's ghost (amateur DgEE)
  6888 | Ossuary  | Killed Nothus's ghost
  7031 | Ossuary  | Offered knowledge of Sting by Vehumet.
  7043 | Ossuary  | Reached ** piety under Vehumet
  7482 | D:6      | Got a shimmering broad axe
  7483 | D:6      | Identified the +6 broad axe of Qepse {elec, +Blink} (You found it on level 6 of the Dungeon)
  7521 | D:6      | Reached skill level 8 in Spellcasting
  7586 | D:6      | Offered knowledge of Static Discharge by Vehumet.
  7937 | D:6      | Found a white marble altar of Elyvilon.
  8106 | D:6      | Reached *** piety under Vehumet
  8254 | D:7      | Reached skill level 9 in Spellcasting
  8443 | D:7      | Reached XP level 9. HP: 37/49 MP: 19/24
  8694 | D:7      | Offered knowledge of Olgreb's Toxic Radiance by Vehumet.
  9027 | D:7      | Reached skill level 10 in Spellcasting
  9034 | D:7      | Learned a level 4 spell: Olgreb's Toxic Radiance
  9848 | D:7      | Reached **** piety under Vehumet
 10077 | D:7      | Offered knowledge of Iskenderun's Mystic Blast by Vehumet.
 10117 | D:7      | Reached skill level 11 in Spellcasting
 10368 | D:8      | Reached skill level 1 in Poison Magic
 10548 | D:8      | Found a staircase to the Lair.
 10559 | D:8      | Reached XP level 10. HP: 56/56 MP: 15/27
 11159 | D:8      | Found a snail-covered altar of Cheibriados.
 11325 | D:8      | Reached ***** piety under Vehumet
 11325 | D:8      | Offered knowledge of Sticky Flame by Vehumet.
 11530 | D:9      | Reached skill level 12 in Spellcasting
 11763 | D:9      | Found a staircase to the Orcish Mines.
 12043 | D:9      | Got an iridescent hunting sling
 12044 | D:9      | Identified the +6 hunting sling "Orphidam" {velocity, Str+5} (You found it on level 9 of the Dungeon)
 12339 | D:9      | Reached skill level 13 in Spellcasting
 12420 | D:9      | Reached skill level 10 in Ice Magic
 12894 | D:10     | Entered Level 10 of the Dungeon
 12894 | D:10     | Noticed Nergalle
 12899 | D:10     | Killed Nergalle
 13026 | D:10     | Reached XP level 11. HP: 60/60 MP: 13/30
 13158 | D:10     | Reached skill level 5 in Poison Magic
 14349 | D:11     | Noticed Grum
 14368 | D:11     | Killed Grum
 14637 | D:11     | Noticed Senshi's ghost (journeyman MiHu)
 14662 | D:11     | Noticed Psyche
 15000 | D:11     | Noticed a deep elf mage
 15011 | D:11     | Killed a deep elf mage
 15011 | D:11     | Reached skill level 14 in Spellcasting
 15177 | D:11     | Killed Psyche
 15226 | D:11     | Killed Senshi's ghost
 15226 | D:11     | Reached skill level 1 in Armour
 15226 | D:11     | Reached skill level 5 in Conjurations
 15242 | D:11     | Noticed Gastronok
 15261 | D:11     | Killed Gastronok
 15630 | D:11     | Offered knowledge of Bolt of Magma by Vehumet.
 15640 | D:11     | Learned a level 3 spell: Ignite Poison
 15659 | D:11     | Killed an unseen horror
 15773 | Lair:1   | Entered Level 1 of the Lair of Beasts
 16245 | Lair:1   | Reached skill level 15 in Spellcasting
 16424 | Lair:1   | Noticed a four-headed hydra
 16462 | Lair:1   | Killed a four-headed hydra
 16665 | Lair:1   | Got a shimmering robe
 16818 | Lair:1   | Identified the +2 robe of Rashom {rPois rC+ rN+} (You found it on level 1 of the Lair of Beasts)
 16903 | Lair:1   | Reached XP level 12. HP: 53/66 MP: 19/33
 17598 | Lair:2   | Reached skill level 5 in Dodging
 18378 | Lair:3   | Found a dark tunnel.
 18388 | Volcano  | Entered a volcano
 18483 | Volcano  | Found a bloodstained altar of Trog.
 18506 | Volcano  | HP: 2/66 [smoke demon/divine providence (9)]
 19002 | Volcano  | Reached skill level 16 in Spellcasting
 19193 | Lair:3   | Offered knowledge of Bolt of Fire by Vehumet.
 19200 | Lair:3   | Learned a level 5 spell: Alistair's Intoxication
 19276 | Lair:3   | Noticed a queen ant
 19293 | Lair:3   | Killed a queen ant
 20289 | Lair:3   | Reached skill level 1 in Transmutations
 20377 | Lair:4   | Noticed a five-headed hydra
 20384 | Lair:4   | Killed a five-headed hydra
 20429 | Lair:4   | Found a staircase to the Swamp.
 20453 | Lair:4   | Noticed a six-headed hydra
 20461 | Lair:4   | Killed a six-headed hydra
 20514 | Lair:4   | Got a scorched mace
 20515 | Lair:4   | Identified the +8 mace of Besicosh {pain, rPois Dex+3} (You found it on level 4 of the Lair of Beasts)
 20581 | Lair:4   | Reached skill level 17 in Spellcasting
 20737 | Lair:4   | Reached XP level 13. HP: 54/70 MP: 27/36
 20887 | Lair:4   | Found a staircase to the Snake Pit.
 22325 | Lair:4   | Reached skill level 1 in Charms
 23197 | Lair:5   | Learned a level 2 spell: Ensorcelled Hibernation
 23680 | Lair:5   | Reached skill level 1 in Hexes
 23869 | Lair:5   | Noticed MatthieuS's ghost (journeyman DrCj)
 24150 | Lair:5   | Found a staircase to the Slime Pits.
 24178 | Lair:5   | Offered knowledge of Venom Bolt by Vehumet.
 24264 | Lair:5   | Reached skill level 18 in Spellcasting
 24545 | Lair:5   | Killed MatthieuS's ghost
 25014 | Lair:6   | Entered Level 6 of the Lair of Beasts
 25799 | Lair:6   | Learned a level 5 spell: Venom Bolt
 25814 | Lair:6   | Found a shimmering altar of Xom.
 26953 | Orc:1    | Entered Level 1 of the Orcish Mines
 26955 | Orc:1    | Offered knowledge of Iron Shot by Vehumet.
 26959 | Orc:1    | Reached skill level 1 in Fire Magic
 26959 | Orc:1    | Reached XP level 14. HP: 76/76 MP: 18/38
 27267 | Orc:2    | Entered Level 2 of the Orcish Mines
 27267 | Orc:2    | Found Ycun's Magic Scroll Emporium.
 27267 | Orc:2    | Noticed centipede's ghost (adept SpAs)
 27400 | Orc:2    | Noticed aesoa's ghost (journeyman OpHu)
 28135 | Orc:2    | Found a staircase to the Elven Halls.
 28394 | Orc:1    | Reached skill level 1 in Evocations
 29188 | Orc:1    | Found a roughly hewn altar of Beogh.
 29313 | Orc:2    | Killed aesoa's ghost
 29546 | Orc:1    | Learned a level 6 spell: Iron Shot
 29813 | Orc:2    | Killed centipede's ghost
 30079 | Orc:2    | Bought a scroll of blinking for 112 gold pieces
 30079 | Orc:2    | Bought a scroll of magic mapping for 52 gold pieces
 30079 | Orc:2    | Bought a scroll of summoning for 142 gold pieces
 30572 | Orc:2    | Reached skill level 19 in Spellcasting
 31183 | Orc:2    | Found Plog's Assorted Antiques.
 31183 | Orc:2    | Found Zunuim's Antique Armour Emporium.
 31185 | Orc:2    | Found Xavole's Armour Shop.
 31185 | Orc:2    | Found Xuin's Magic Scroll Emporium.
 31217 | Orc:2    | Bought a bloodstained leather armour for 196 gold pieces
 31227 | Orc:2    | Identified the +1 leather armour of Nuabemne {rF+ Dex+6 Slay-6 Stlth+} (You bought it in a shop on level 2 of the Orcish Mines)
 31231 | Orc:2    | Bought a scroll of acquirement for 832 gold pieces
 31786 | D:11     | Reached skill level 1 in Shields
 31818 | D:11     | Got a sheer robe
 31829 | D:11     | Identified the cursed +0 robe of Hopscotch {Stlth+} (You found it on level 11 of the Dungeon)
 32695 | D:12     | Found a white marble altar of Elyvilon.
 32936 | D:12     | Offered knowledge of Bolt of Cold by Vehumet.
 32947 | D:12     | Learned a level 6 spell: Bolt of Cold
 33096 | D:12     | Found Ixutom's General Store.
 33099 | D:12     | Bought a potion of curing for 48 gold pieces
 33099 | D:12     | Bought 20 sling bullets for 160 gold pieces
 33099 | D:12     | Bought a scroll of blinking for 120 gold pieces
 33153 | D:12     | Reached skill level 1 in Earth Magic
 34932 | D:13     | Reached skill level 15 in Ice Magic
 34993 | D:13     | Found a stormy altar of Qazlal.
 36299 | D:14     | Found a frozen archway.
 36412 | IceCv    | Entered an ice cave
 36508 | IceCv    | Reached ****** piety under Vehumet
 36839 | D:14     | Noticed Azrael
 36857 | D:15     | Entered Level 15 of the Dungeon
 37079 | D:14     | Offered knowledge of Spellforged Servitor by Vehumet.
 37087 | D:14     | Killed from afar by Azrael

Skill      XL: |  1  2  3  4  5  6  7  8  9 10 11 12 13 14 |
---------------+-------------------------------------------+-----
Ice Magic      | 4 5 6 7 9 10 11 13 14 15 | 15.3
Spellcasting   | 4 5 6 9 11 13 15 17 18 19 | 19.0
Fighting       | 1 2 3 4 |  4.6
Slings         | 1 3 4 |  4.0
Conjurations   | 2 3 4 5 7 8 |  8.6
Stealth        | 3 |  3.4
Dodging        | 3 4 5 6 8 |  8.2
Poison Magic   | 1 4 5 6 7 9 |  9.8
Armour         | 1 |  1.0
Transmutations | 1 2 |  2.5
Charms         | 1 |  1.3
Hexes          | 1 |  1.5
Fire Magic     | 1 2 |  2.0
Evocations     | 1 |  1.3
Shields        | 1 |  1.2
Earth Magic    | 3 |  3.7

Action                   |  1- 3 |  4- 6 |  7- 9 | 10-12 | 13-15 || total
-------------------------+-------+-------+-------+-------+-------++-------
Melee: Unarmed           |     1 |       |       |       |       ||     1
       Mace              |    12 |       |       |       |       ||    12
       Whip              |       |       |       |     3 |       ||     3
       Hunting sling     |       |       |       |     1 |       ||     1
 Fire: Hunting sling     |    14 |    96 |   244 |   210 |   473 ||  1037
 Cast: Freeze            |    21 |    26 |    78 |    42 |    41 ||   208
       Throw Frost       |    32 |    18 |    22 |   155 |   112 ||   339
       Throw Icicle      |       |     2 |    52 |    53 |   127 ||   234
       Summon Ice Beast  |       |       |    49 |   154 |   142 ||   345
       Olgreb's Toxic Ra |       |       |     4 |    24 |    58 ||    86
       Ozocubu's Armour  |       |       |     1 |     3 |    16 ||    20
       Alistair's Intoxi |       |       |       |     2 |    10 ||    12
       Ignite Poison     |       |       |       |     1 |    70 ||    71
       Venom Bolt        |       |       |       |       |    27 ||    27
       Ensorcelled Hiber |       |       |       |       |     6 ||     6
       Bolt of Cold      |       |       |       |       |    56 ||    56
       Iron Shot         |       |       |       |       |     7 ||     7
Evoke: Wand              |       |       |       |     1 |    10 ||    11
       Box of beasts     |       |       |       |       |     4 ||     4
       Fan of gales      |       |       |       |       |     1 ||     1
       Phial of floods   |       |       |       |       |     1 ||     1
  Use: Scroll            |     9 |     2 |    10 |    15 |    23 ||    59
       Potion            |       |       |     1 |    16 |     8 ||    25
  Eat: Chunk             |     4 |     6 |    17 |    42 |    54 ||   123
       Royal jelly       |       |     1 |     2 |       |       ||     3
       Meat ration       |       |       |     1 |       |       ||     1
       Bread ration      |       |       |       |     1 |       ||     1
Armor: Robe              |    11 |     4 |    77 |    40 |    77 ||   209
       Skin              |       |       |       |     2 |       ||     2
       Troll leather arm |       |       |       |     5 |       ||     5
       Leather armour    |       |       |       |       |    53 ||    53
Dodge: Dodged            |    29 |    31 |   188 |   132 |   297 ||   677
Block: Buckler           |       |       |       |       |    55 ||    55
       Reflection        |       |       |       |       |     7 ||     7
